 Dungeon Crawl Stone Soup version 0.29-a0-474-gdfe5cd140f (webtiles) character file.

Game seed: 3452088853511749448

4 YayAnonymity the Magician (level 1, -1/13 HPs)
             Began as a Gnoll Wanderer on May 24, 2022.
             Slain by a gnoll
             ... wielding a +0 club
              (3 damage)
             ... on level 1 of the Dungeon.
             The game lasted 00:00:41 (370 turns).

YayAnonymity the Magician (Gnoll Wanderer)           Turns: 370, Time: 00:00:42

Health: -1/13      AC:  5    Str:  8    XL:     1   Next: 70%
Magic:  8/8        EV: 11    Int: 10    God:
Gold:   0          SH:  4    Dex: 15    Spells: 14/14 levels left

rFire   . . .      SeeInvis .   a - +0 dagger
rCold   . . .      Faith    .   e - +0 buckler
rNeg    . . .      Spirit   .   f - +0 ring mail
rPois   .          Reflect  .   (no helmet)
rElec   .          Harm     .   (no cloak)
rCorr   .          Rampage  .   (no gloves)
Will    .....                   (no boots)
Stlth   +.........              (no amulet)
HPRegen 0.04/turn               (no ring)
MPRegen 0.11/turn               (no ring)

@: no status effects
A: fangs 1, strong nose, distributed training
a: no special abilities


You were on level 1 of the Dungeon.
You visited 1 branch of the dungeon, and saw 1 of its levels.

Inventory:

Hand Weapons
 a - a +0 dagger (weapon)
Missiles
 c - 24 stones (quivered)
Armour
 e - a +0 buckler (worn)
 f - a +0 ring mail (worn)
Scrolls
 b - 2 scrolls of fear
 d - a scroll of teleportation {unknown}


   Skills:
 + Level 0.1 Fighting
 + Level 0.1 Short Blades
 + Level 0.1 Long Blades
 + Level 0.1 Axes
 + Level 0.1 Maces & Flails
 + Level 0.1 Polearms
 + Level 0.1 Staves
 + Level 0.1 Slings
 + Level 0.1 Bows
 + Level 0.1 Crossbows
 + Level 2.4 Throwing
 + Level 0.1 Armour
 + Level 4.4 Dodging
 + Level 0.1 Stealth
 + Level 2.4 Shields
 + Level 0.1 Unarmed Combat
 + Level 7.0 Spellcasting
 + Level 0.1 Conjurations
 + Level 0.1 Hexes
 + Level 0.1 Summonings
 + Level 0.1 Necromancy
 + Level 0.1 Translocations
 + Level 0.1 Transmutations
 + Level 0.1 Fire Magic
 + Level 0.1 Ice Magic
 + Level 0.1 Air Magic
 + Level 3.6 Earth Magic
 + Level 0.1 Poison Magic
 + Level 0.2 Invocations
 + Level 0.1 Evocations


You had 14 spell levels left.
You didn't know any spells.
Your spell library contained the following spells:

 Spells                   Type           Power      Damage    Failure   Level
 Sandblast                Erth           20%        2d7       17%         1
 Beastly Appendage        Tmut           6%         N/A       58%         1
 Slow                     Hex            12%        N/A       58%         1
 Stone Arrow              Conj/Erth      14%        3d7       73%         3
 Confusing Touch          Hex            3%         N/A       92%         3
 Ignite Poison            Fire/Tmut/Pois 3%         N/A       92%         3
 Summon Guardian Golem    Hex/Summ       3%         N/A       92%         3
 Swiftness                Air            3%         N/A       92%         3
 Vampiric Draining        Necr           3%         2d6       92%         3


Dungeon Overview and Level Annotations

Branches:
Dungeon (1/15)

Altars:


Innate Abilities, Weirdness & Mutations

You have very sharp teeth.
Your uncanny sense of smell can sniff out nearby items.
Your experience applies equally to all skills.


Message History

The bat hits you but does no damage.
You hit the bat.
The bat is severely wounded.
The bat misses you. The bat barely misses you.
You hit the bat.
You kill the bat!
No target in view!
You see here a +0 leather armour.
You pick up a book of Debilitation and begin reading...
You add the spells Slow, Vampiric Draining and Confusing Touch to your library.
A gnoll comes into view. It is wielding a +0 club.
The gnoll shouts!
A gnoll is nearby!
You barely miss the gnoll. You bite the gnoll, but do no damage.
The gnoll barely misses you.
You barely miss the gnoll. The gnoll barely misses you.
You hit the gnoll. You bite the gnoll.
The gnoll is moderately wounded.
The gnoll hits you with a +0 club.
You hit the gnoll but do no damage.
The gnoll is moderately wounded.
You block the gnoll's attack.
You hit the gnoll.
The gnoll is moderately wounded.
The gnoll hits you with a +0 club.
* * * LOW HITPOINT WARNING * * *
You are too injured to fight recklessly!
You are too injured to fight recklessly!
You are too injured to fight recklessly!
You are too injured to fight recklessly!
You closely miss the gnoll.
The gnoll is moderately wounded.
You block the gnoll's attack.
You hit the gnoll.
The gnoll is heavily wounded.
The gnoll barely misses you.
You hit the gnoll.
The gnoll is severely wounded.
The gnoll hits you with a +0 club.
You die...

^.......#..# ^.......#..#
........#..# ^......[#..#
........#..#######
.................#
...................
###.#####.#####.###.#
................@g..#
###.#####.#####.#####
....#####.# #.#
†.........### #.# ###
......#####.# #.# #.#
......# #.# #.# #.# ......#
#.# #.# #.# ......# #.# #.#
#.#
......#####.###.###.#######


You could see a gnoll.

Vanquished Creatures
  A hobgoblin (D:1)
  A kobold (D:1)
  A bat (D:1)
  A frilled lizard (D:1)
  A rat (D:1)
5 creatures vanquished.

Notes
Turn   | Place    | Note
-------+----------+-------------------------------------------
     0 | D:1      | YayAnonymity the Gnoll Wanderer began the quest for the
                  | Orb.
     0 | D:1      | YayAnonymity set off with the following items: a +0 dagger,
                  | a scroll of fear, 24 stones, a +0 robe, a +0 buckler; and
                  | the following spells available to memorise: Sandblast,
                  | Beastly Appendage, Stone Arrow, Ignite Poison, Summon
                  | Guardian Golem, Swiftness
     0 | D:1      | Reached XP level 1. HP: 13/13 MP: 8/8
   106 | D:1      | Found a faded altar of an unknown god.
   370 | D:1      | Slain by a gnoll

Illustrated notes

Levels and vault maps discovered:
D:1:      lightli_arrival_statue_moat, layout_basic,
          shapermc_ecumenical_altar_rom_forum

Action                   || total
-------------------------++-------
Melee: Dagger            ||    33
       Bite              ||     2
Armor: Ring mail         ||    10
       Robe              ||     1
Dodge: Dodged            ||    25
Block: Buckler           ||     8

Table legend: (Time is in decaauts)
 A = Elapsed time spent in this place.
 B = Non-inter-level travel time spent in this place.
 C = Inter-level travel time spent in this place.
 D = Time resting spent in this place.
 E = Time spent auto-exploring this place.
 F = Levels seen in this place.
 G = Mean time per level.
                   A        B        C        D        E       F      G
               +--------+--------+--------+--------+--------+-----+--------+
         Total |    371 |    371 |      0 |      0 |    286 |   1 |  371.0 |
       Dungeon |    371 |    371 |      0 |      0 |    286 |   1 |  371.0 |
               +--------+--------+--------+--------+--------+-----+--------+

Top non-repeatable levels by time:
     D:1: 371 daAuts
